 Dungeon Crawl Stone Soup version 0.20.1-1-g8b1a95d (webtiles) character file.

2713 CountDeLaPain the Thaumaturge (level 9, 0/42 HPs)
             Began as a Spriggan Venom Mage on Oct 3, 2017.
             Was an Initiate of Vehumet.
             Killed from afar by a rime drake (19 damage)
             ... with a flash freeze
             ... on level 1 of the Lair of Beasts.
             The game lasted 00:38:24 (10963 turns).

CountDeLaPain the Thaumaturge (SpVM)               Turns: 10963, Time: 00:38:25

Health: 0/42       AC:  4    Str:  7    XL:     9   Next: 39%
Magic:  2/22       EV: 21    Int: 17    God:    Vehumet [......]
Gold:   247        SH:  0    Dex: 16    Spells: 20/24 levels left

rFire    . . .     SeeInvis +   i - +0 dagger
rCold    . . .     Gourm    .   (shield restricted)
rNeg     . . .     Faith    .   a - +1 robe
rPois    .         Spirit   .   (helmet restricted)
rElec    .         Reflect  .   E - +0 cloak
rCorr    .         Harm     .   (gloves unavailable)
MR       +....                  (boots unavailable)
Stlth    +++.......             (no amulet)
Regen    0.2/turn               (no ring)
MPRegen  0.2/turn               (no ring)

@: very quick
A: unfitting armour, see invisible, herbivore 3, speed 3, slow metabolism 2
a: Renounce Religion


You were on level 1 of the Lair of Beasts.
You worshipped Vehumet.
Vehumet was noncommittal.
You were not hungry.

You visited 3 branches of the dungeon, and saw 11 of its levels.
You also visited: Ossuary.

You collected 247 gold pieces.

Inventory:

Hand Weapons
 i - a +0 dagger (weapon)
Armour
 a - a +1 robe (worn)
 E - a +0 cloak (worn)
Jewellery
 o - a +2 ring of dexterity {unknown}
 p - a +2 ring of intelligence {unknown}
 B - a +4 ring of intelligence {unknown}
Wands
 q - a wand of random effects (17/48)
 y - a wand of iceblast (0/15)
 C - a wand of random effects (31/48)
 F - a wand of confusion (39/48)
 G - a wand of lightning (0/15)
Scrolls
 d - 2 scrolls of remove curse
 e - a scroll of random uselessness {unknown}
 f - a scroll of identify
 h - a scroll of magic mapping {unknown}
 k - a scroll of immolation {unknown}
 l - 4 scrolls of enchant armour
 m - 4 scrolls of fog
 n - 3 scrolls of enchant weapon {unknown}
 r - 3 scrolls of teleportation
 s - a scroll of recharging {unknown}
 D - a scroll of amnesia {unknown}
 H - a scroll of fear {unknown}
Potions
 g - 2 potions of degeneration
 j - 3 potions of might
 t - 3 potions of magic {unknown}
 w - 2 potions of cancellation {unknown}
 x - a potion of mutation {unknown}
 z - 2 potions of flight {unknown}
 A - 2 potions of curing
Books
 b - a Young Poisoner's Handbook

   Spells                             Type                      Level
   a - Sting                          Conjuration/Poison           1
   b - Poisonous Vapours              Poison/Air                   2
   c - Mephitic Cloud                 Conjuration/Poison/Air       3
   d - Olgreb's Toxic Radiance        Poison                       4
   e - Venom Bolt                     Conjuration/Poison           5
Comestibles
 c - 5 bread rations
 u - a royal jelly
 v - 8 fruits


   Skills:
 + Level 1.8 Fighting
 + Level 4.6 Short Blades
 + Level 5.7 Dodging
 + Level 6.1 Stealth
 + Level 8.0 Spellcasting
 + Level 4.4 Conjurations
 + Level 2.1 Air Magic
 + Level 6.5 Poison Magic


You had 20 spell levels left.
You knew the following spells:

 Your Spells              Type           Power        Failure   Level  Hunger
a - Sting                 Conj/Pois      ####         1%          1    None
b - Mephitic Cloud        Conj/Pois/Air  ###.....     4%          3    #......


Dungeon Overview and Level Annotations

Branches:
Dungeon (9/15)             Temple (1/1) D:7            Lair (1/6) D:8
    Orc: D:9-12

Altars:
Dithmenos
Elyvilon
Fedhas
Gozag
Kikubaaqudgha
Makhleb
Nemelex Xobeh
Okawaru
Qazlal
Sif Muna
Trog
Uskayaw
Vehumet
Xom
Yredelemnul
Zin
The Shining One

Annotations:
D:5 aubilenon's ghost, novice DrCj


Innate Abilities, Weirdness & Mutations

You are very small and have problems with some larger weapons.
You are too small for most types of armour.
You have supernaturally acute eyesight. (SInv)
You are a herbivore.
You cover ground extremely quickly.
You need consume almost no food.


Message History

Casting: Sting
Confirm with . or Enter, or press ? or * to list all spells.
Aiming: Sting
Press: ? - help, Shift-Dir - straight line, f/p - bullfrog
Aim: a bullfrog (almost dead, poisoned)
The sting misses the bullfrog.
Casting: Sting
Confirm with . or Enter, or press ? or * to list all spells.
Aiming: Sting
Press: ? - help, Shift-Dir - straight line, f/p - bullfrog
Aim: a bullfrog (almost dead, poisoned)
The sting hits the bullfrog.
You kill the bullfrog!
Vehumet accepts your kill.
A rime drake comes into view.
There is a staircase back to the Dungeon here.
You see here a robe.
The rime drake breathes ice at you. The flash freeze hits you!
You die...

.!........##
##....k...#
#P.$...^.#
#.......#
##.......##
#P....<...#
##.......##
#....[..#
#....@..#
#.......P#
#.......P#
#......P...
#.......####
#........
#.......##
#........


You could see a rime drake.

Vanquished Creatures
  A two-headed ogre (D:8)
  A hippogriff (D:8)
  Sigmund (D:4)
  2 ogres (D:7)
  A centaur (D:5)
  A wolf (D:8)
  5 bullfrogs
  2 killer bees
  2 howler monkeys
  A centaur zombie (D:5)
  7 hounds
  2 orc priests
  2 bullfrog skeletons
  A jelly (D:7)
  2 orc wizards (D:3)
  Ijyb (D:4)
  Natasha (thrice) (D:4)
  7 worker ants
  A hound skeleton (D:9)
  7 adders
  A howler monkey skeleton (D:4)
  2 oozes
  5 worms
  2 dart slugs (D:2)
  6 leopard geckos
  10 orcs
  2 spectral bats (D:7)
  9 bats
  6 giant cockroaches
  7 goblins
  6 hobgoblins
  19 jackals
  3 quokkas
  2 ball pythons
  7 frilled lizards
  4 goblin zombies (Ossuary)
  A jackal zombie (D:7)
  7 kobolds
  A leopard gecko skeleton (D:5)
  2 orc zombies
  4 rats (D:2)
156 creatures vanquished.

Notes
Turn   | Place    | Note
-------+----------+-------------------------------------------
     0 | D:1      | CountDeLaPain the Spriggan Venom Mage began the quest for the Orb.
     0 | D:1      | Reached XP level 1. HP: 9/9 MP: 5/5
   193 | D:1      | Reached skill level 3 in Spellcasting
   330 | D:1      | Reached XP level 2. HP: 11/13 MP: 4/7
  1272 | D:1      | Reached XP level 3. HP: 16/16 MP: 4/8
  1443 | D:2      | Reached skill level 1 in Conjurations
  1862 | D:2      | Reached XP level 4. HP: 21/21 MP: 7/9
  1927 | D:2      | Found a stormy altar of Qazlal.
  1935 | D:2      | Found a blossoming altar of Fedhas.
  2020 | D:2      | Found a sparkling altar of Nemelex Xobeh.
  2194 | D:3      | Found a shimmering altar of Xom.
  2613 | D:3      | Reached skill level 1 in Short Blades
  2629 | D:3      | Learned a level 3 spell: Mephitic Cloud
  2846 | D:3      | Reached XP level 5. HP: 25/25 MP: 4/11
  3318 | D:3      | Found a shadowy altar of Dithmenos.
  3697 | D:4      | Reached skill level 4 in Spellcasting
  3845 | D:4      | Noticed Sigmund
  4397 | D:4      | Noticed Natasha
  4410 | D:4      | Killed Natasha
  4410 | D:4      | Reached XP level 6. HP: 14/29 MP: 5/13
  4615 | D:4      | Noticed Ijyb
  4667 | D:4      | Noticed Natasha
  4989 | D:4      | Killed Natasha
  5117 | D:4      | Reached skill level 1 in Fighting
  5547 | D:4      | Noticed Natasha
  5825 | D:4      | Killed Natasha
  5854 | D:4      | Killed Sigmund
  5854 | D:4      | Reached skill level 5 in Spellcasting
  5854 | D:4      | Reached XP level 7. HP: 27/33 MP: 0/15
  6112 | D:4      | Killed Ijyb
  6290 | D:5      | Entered Level 5 of the Dungeon
  6669 | D:5      | Noticed aubilenon's ghost (novice DrCj)
  7561 | D:6      | Reached skill level 5 in Poison Magic
  7641 | D:6      | Reached skill level 5 in Stealth
  8149 | D:5      | Reached skill level 1 in Air Magic
  8149 | D:5      | Reached XP level 8. HP: 37/37 MP: 12/17
  8895 | D:7      | Found a sand-covered staircase.
  8896 | D:7      | Reached skill level 6 in Spellcasting
  8955 | Ossuary  | Entered an ossuary
  9089 | D:7      | Reached skill level 5 in Dodging
  9810 | D:7      | Found a staircase to the Ecumenical Temple.
  9838 | Temple   | Entered the Ecumenical Temple
  9878 | Temple   | Became a worshipper of Vehumet
 10230 | D:8      | Noticed a two-headed ogre
 10242 | D:8      | Noticed a hippogriff
 10258 | D:8      | Killed a two-headed ogre
 10258 | D:8      | Reached skill level 7 in Spellcasting
 10258 | D:8      | Reached XP level 9. HP: 41/41 MP: 1/21
 10558 | D:8      | Noticed a troll
 10769 | D:8      | Found a bloodstained altar of Trog.
 10772 | D:8      | Found a white marble altar of Elyvilon.
 10878 | D:8      | Found a staircase to the Lair.
 10887 | Lair:1   | Entered Level 1 of the Lair of Beasts
 10946 | Lair:1   | Reached skill level 8 in Spellcasting
 10960 | Lair:1   | Noticed a rime drake
 10963 | Lair:1   | Killed from afar by a rime drake

Skill      XL: |  1  2  3  4  5  6  7  8  9 |
---------------+----------------------------+-----
Spellcasting   | 3 4 5 7 8 |  8.0
Conjurations   | 1 2 3 4 |  4.4
Short Blades   | 1 2 3 4 |  4.6
Poison Magic   | 4 5 6 |  6.5
Dodging        | 4 5 |  5.7
Fighting       | 1 |  1.8
Stealth        | 4 5 6 |  6.1
Air Magic      | 1 2 |  2.1

Action                   |  1- 3 |  4- 6 |  7- 9 || total
-------------------------+-------+-------+-------++-------
Melee: Dagger            |    46 |   121 |   258 ||   425
 Cast: Sting             |    67 |   144 |   188 ||   399
       Mephitic Cloud    |       |    12 |    29 ||    41
Evoke: Wand              |       |       |     3 ||     3
  Use: Scroll            |       |       |     8 ||     8
       Potion            |       |       |     1 ||     1
 Stab: Sleeping          |     1 |     2 |     4 ||     7
       Distracted        |       |     1 |       ||     1
       Confused          |       |       |     5 ||     5
  Eat: Bread ration      |       |     1 |     1 ||     2
Armor: Robe              |     5 |     9 |    37 ||    51
Dodge: Dodged            |    55 |   131 |   346 ||   532
